 Dungeon Crawl Stone Soup version 0.31.0-11-ge490571c62 (webtiles) character file.

Game seed: 12372101907424249083

183 qw the Skirmisher (level 5, -1/29 HPs)
             Began as a Deep Elf Hunter on Feb 4, 2024.
             Slain by Natasha (5 damage)
             ... on level 3 of the Dungeon.
             The game lasted 00:00:11 (1951 turns).

qw the Skirmisher (Deep Elf Hunter)                 Turns: 1951, Time: 00:00:12

Health: -1/29      AC:  7    Str: 10    XL:     5   Next: 35%
Magic:  7/7        EV: 11    Int: 14    God:
Gold:   76         SH:  0    Dex: 18    Spells: 4/4 levels left

rFire   . . .        a - +0 shortbow
rCold   . . .        (shield currently unavailable)
rNeg    . . .        h - +0 ring mail
rPois   .            (no helmet)
rElec   .            g - +1 cloak
rCorr   .            (no gloves)
SInv    .            (no boots)
Will    +....        (no amulet)
Stlth   +            i - ring of willpower
HPRegen 0.24/turn    (no ring)
MPRegen 0.10/turn

%: no passive effects
@: slowed, very slow
A: no striking features
a: no special abilities


You were on level 3 of the Dungeon.
You visited 1 branch of the dungeon, and saw 3 of its levels.

You collected 98 gold pieces.
You spent 22 gold pieces at shops.


   Skills:
 - Level 1.5 Fighting
 + Level 8.9 Ranged Weapons
 - Level 2.4 Dodging
 - Level 1.2 Stealth


You had 4 spell levels left.
You didn't know any spells.
Your spell library was empty.

Inventory:

Hand Weapons
 a - a +0 shortbow (weapon)
Armour
 g - a +1 cloak (worn)
 h - a +0 ring mail (worn)
Jewellery
 i - a ring of willpower (left hand)
Wands
 b - a wand of flame (13)
Scrolls
 e - 3 scrolls of fear {unknown}
Potions
 d - 2 potions of enlightenment
 f - a potion of curing
 j - a potion of haste {unknown}

Dungeon Overview and Level Annotations

Branches:
Dungeon (3/15)

Altars:
Wu Jian

Shops:
D:2 *

Annotations:
D:3 Natasha


Message History

The dart slug is heavily wounded.
You feel sick.
You shoot an arrow. The arrow hits the dart slug.
You kill the dart slug!
You feel sick.
You start resting.
You feel sick.
Natasha, Servant of Life and Death comes into view.
1943 ||| FLEEEEING.
You feel sick.
1944 ||| FLEEEEING.
As you open the door, it creaks loudly! 3 quokkas come into view.
You feel sick.
You are no longer poisoned.
The quokka moves out of view.
You shoot an arrow.
The arrow hits the quokka but does no damage.
You shoot an arrow. The arrow misses the quokka.
The arrow hits the quokka!
You kill the quokka!
You shoot an arrow. The arrow hits the quokka!
You kill the quokka!
Natasha casts a spell at you.
You feel yourself slow down.
You shoot an arrow. The arrow barely misses Natasha.
Natasha claws you.
You shoot an arrow. The arrow barely misses Natasha.
Natasha barely misses you.
The quokka bites you but does no damage.
Natasha claws you!
The quokka bites you but does no damage.
You shoot an arrow. The arrow hits Natasha.
Natasha is moderately wounded.
The quokka barely misses you. Natasha claws you but does no damage.
You shoot an arrow. The arrow hits Natasha.
Natasha is heavily wounded.
The quokka barely misses you. Natasha closely misses you.
The quokka completely misses you. Natasha claws you.
You die...
Natasha begins licking her fur clean.

.#.# ### ...# .####..
#..# ......# ## ...#
......# ##~~ +..######.
#.. ......# ~~~~~
#......... ##... #####.#
~~~~%~#...#..... ......
......# ### ##r@h.......
....
####..###.####.....#.#.#
...
#...........##.>#.#.#
#.#
######.#######.##.#.#
#.. #..........#.##.#.#
#.. #.##.#####.#.##.#.#
#.. #.##.#####.#....#.#
#..
#.##.#..........#.#####
#..
#.##.#.###.#..........#
#..


You could see Natasha and a quokka.

Vanquished Creatures
  Natasha (D:3)
  9 adders
  A gnoll (D:1)
  A ribbon worm (D:2)
  2 dart slugs
  2 endoplasms (D:1)
  3 giant cockroaches
  5 goblins
  7 hobgoblins (D:1)
  5 quokkas
  8 ball pythons
  5 bats
  7 frilled lizards
  6 kobolds (D:1)
  3 rats
65 creatures vanquished.

Notes
Turn   | Place    | Note
-------+----------+-------------------------------------------
     0 | D:1      | qw the Deep Elf Hunter began the quest for the Orb.
     0 | D:1      | Reached XP level 1. HP: 12/12 MP: 3/3
     0 | D:1      | 0 ||| qw: Version: 0.3-a-160-g6735b56
     0 | D:1      | 0 ||| qw: Game counter: 5471
     0 | D:1      | 0 ||| qw: Melee chars always use a shield: true
     0 | D:1      | 0 ||| qw: God list: Okawaru
     0 | D:1      | 0 ||| qw: Allow faded altars: false
     0 | D:1      | 0 ||| qw: Do Orc after clearing Dungeon:15 true
     0 | D:1      | 0 ||| qw: Do second Lair branch before Depths: true
     0 | D:1      | 0 ||| qw: Lair rune preference: random
     0 | D:1      | 0 ||| qw: Goals: Normal
     0 | D:1      | 0 ||| PLANNING D:1-11
    40 | D:1      | Reached skill level 6 in Ranged Weapons
    40 | D:1      | Reached XP level 2. HP: 16/16 MP: 4/4
   121 | D:1      | Found a faded altar of an unknown god.
   275 | D:1      | Reached XP level 3. HP: 20/20 MP: 5/5
   523 | D:1      | Reached skill level 7 in Ranged Weapons
   707 | D:1      | 707 ||| UPGRADING to +1 cloak.
   712 | D:1      | 712 ||| UPGRADING to +0 ring mail.
   722 | D:1      | 722 ||| DROPPING +0 leather armour.
   723 | D:1      | 723 ||| READING scroll labelled DOEPSY ANKE.
   762 | D:1      | 762 ||| DRINKING 2 yellow potions.
   763 | D:1      | 763 ||| DROPPING scroll of butterflies.
   808 | D:2      | 808 ||| STAIRDANCE
   814 | D:2      | 814 ||| STAIRDANCE
   999 | D:2      | Reached XP level 4. HP: 25/25 MP: 6/6
  1241 | D:2      | Found Ynwesuet's General Store.
  1259 | D:2      | 1259 ||| BUYING scroll of identify (22 gold).
  1259 | D:2      | Bought a scroll of identify for 22 gold pieces
  1343 | D:2      | Found an ornate altar of the Wu Jian Council.
  1522 | D:2      | 1522 ||| UPGRADING to ring of willpower.
  1523 | D:2      | 1523 ||| READING scroll of identify.
  1523 | D:2      | 1523 ||| IDENTIFYING smoky brown potion
  1524 | D:2      | 1524 ||| READING scroll labelled DOUG LUKOE.
  1528 | D:2      | 1528 ||| DRINKING 2 fuming puce potions.
  1540 | D:3      | 1540 ||| PLANNING SEWER
  1549 | D:3      | Reached skill level 8 in Ranged Weapons
  1672 | D:3      | Reached XP level 5. HP: 29/29 MP: 7/7
  1921 | D:3      | Noticed Natasha
  1928 | D:3      | 1928 ||| RETREEEEATING.
  1929 | D:3      | 1929 ||| RETREEEEATING.
  1930 | D:3      | 1930 ||| RETREEEEATING.
  1931 | D:3      | 1931 ||| RETREEEEATING.
  1932 | D:3      | 1932 ||| RETREEEEATING.
  1932 | D:3      | Killed Natasha
  1933 | D:3      | HP: 6/29 [poisoned by an adder]
  1934 | D:3      | 1934 ||| DRINKING potion of heal wounds.
  1942 | D:3      | Noticed Natasha
  1943 | D:3      | 1943 ||| FLEEEEING.
  1944 | D:3      | 1944 ||| FLEEEEING.
  1949 | D:3      | HP: 3/29 [Natasha (8)]
  1951 | D:3      | Slain by Natasha

Levels and vault maps discovered:
D:1:      wander_arrival_lonely_grave, layout_basic,
          hellmonk_ecumenical_altar_blasted
D:2:      layout_loops_ring, basic_altar, serial_shops, shop, eino_curves_01,
          serial_bayou_pond_c, chequers_serial_rivers_micro_a
D:3:      layout_basic, gup_sewer_entry_bowl, gammafunk_ghost_smash,
          glass_columns_c, nicolae_half_adder, uniq_natasha

Skill      XL: |  1  2  3  4 |
---------------+-------------+-----
Ranged Weapons | 6 7 8 |  8.9
Fighting       | |  1.5
Dodging        | |  2.4
Stealth        | |  1.2

Action                     |  1- 3 |  4- 6 || total
---------------------------+-------+-------++-------
   Fire: Shortbow          |   142 |    73 ||   215
    Use: Scroll            |     1 |     2 ||     3
         Potion            |     1 |     2 ||     3
 Armour: Leather armour    |    22 |       ||    22
         Ring mail         |    15 |    44 ||    59
  Dodge: Dodged            |    30 |    24 ||    54

Table legend:
 A = Non-vault XP
 B = Vault XP
 C = Vault XP percentage of total XP
 D = Non-vault monster count
 E = Vault monster count
 F = Vault count percentage of total count
                 A         B        C        D         E       F
            +---------+---------+-------+---------+---------+-------
      Total |     183 |      79 |  30.2 |      59 |       6 |   9.2
            +---------+---------+-------+---------+---------+-------
        D:1 |      70 |       0 |   0.0 |      37 |       0 |   0.0
        D:2 |      69 |       0 |   0.0 |      17 |       0 |   0.0
        D:3 |      44 |      79 |  64.2 |       5 |       6 |  54.5
            +---------+---------+-------+---------+---------+-------
